 Dungeon Crawl Stone Soup version 0.30-a0-305-g026cb31310 (webtiles) character file.

Game seed: 2869845609160754927

166 rogsnak the Magician (level 5, -2/37 HPs)
             Began as a Gnoll Hedge Wizard on Oct 23, 2022.
             Slain by an iguana (12 damage)
             ... on level 4 of the Dungeon.
             The game lasted 00:05:57 (2973 turns).

rogsnak the Magician (Gnoll Hedge Wizard)           Turns: 2973, Time: 00:05:57

Health: -2/37      AC:  5    Str:  9    XL:     5   Next: 47%
Magic:  19/23      EV: 13    Int: 16    God:
Gold:   199        SH:  5    Dex: 11    Spells: 12/18 levels left

rFire   . . .      SeeInvis .    l - +0 dagger (venom)
rCold   . . .      Faith    .    (no shield)
rNeg    . . .      Spirit   .    b - +0 robe
rPois   .          Reflect  +    m - +2 helmet
rElec   .          Harm     .    (no cloak)
rCorr   .          Rampage  .    (no gloves)
Will    .....                    (no boots)
Stlth   ++........               q - amulet of reflection
HPRegen 0.26/turn                e - ring of magical power
MPRegen 0.18/turn                (no ring)

@: slowed, very slow
A: fangs 1, strong nose, distributed training
a: no special abilities


You were on level 4 of the Dungeon.
You visited 1 branch of the dungeon, and saw 4 of its levels.

You collected 199 gold pieces.

Inventory:

Hand Weapons
 a - a +0 dagger
 l - a +0 dagger of venom (weapon)
Missiles
 i - 2 boomerangs of dispersal
Armour
 b - a +0 robe (worn)
 c - a +0 hat
 m - a +2 helmet (worn)
 o - a +0 ring mail of cold resistance
Jewellery
 e - a ring of magical power (left hand)
 q - an amulet of reflection (around neck)
Scrolls
 h - 3 scrolls of identify {unknown}
 j - a scroll of blinking {unknown}
 k - a scroll of amnesia {unknown}
 p - a scroll of butterflies {unknown}
 r - a scroll of fear {unknown}
 s - a scroll of enchant weapon {unknown}
Potions
 d - a potion of magic
 f - 3 potions of curing {unknown}
 g - 2 potions of mutation {unknown}
 n - a potion of invisibility {unknown}
 t - a potion of attraction {unknown}


   Skills:
 + Level 1.6 Fighting
 + Level 1.6 Short Blades
 + Level 1.6 Long Blades
 + Level 1.6 Axes
 + Level 1.6 Maces & Flails
 + Level 1.6 Polearms
 + Level 1.6 Staves
 + Level 1.6 Ranged Weapons
 + Level 1.6 Throwing
 + Level 1.6 Armour
 + Level 4.8 Dodging
 + Level 4.4 Stealth
 + Level 1.6 Shields
 + Level 1.6 Unarmed Combat
 + Level 7.3 Spellcasting
 + Level 2.4 Conjurations
 + Level 1.2 Hexes
 + Level 2.4 Summonings
 + Level 1.2 Necromancy
 + Level 2.4 Translocations
 + Level 1.2 Transmutations
 + Level 1.2 Fire Magic
 + Level 1.2 Ice Magic
 + Level 1.2 Air Magic
 + Level 1.2 Earth Magic
 + Level 1.2 Poison Magic
 + Level 1.8 Invocations
 + Level 1.6 Evocations


You had 12 spell levels left.
You knew the following spells:

 Your Spells              Type           Power      Damage    Failure   Level
a - Magic Dart            Conj           52%        1d5       4%          1
b - Blink                 Tloc           26%        N/A       7%          2
c - Mephitic Cloud        Conj/Pois/Air  11%        N/A       19%         3

Your spell library contained the following spells:

 Spells                   Type           Power      Damage    Failure   Level
 Apportation              Tloc           26%        N/A       4%          1
 Summon Small Mammal      Summ           52%        N/A       4%          1
 Necrotise                Necr           36%        1d5       7%          1
 Slow                     Hex            36%        N/A       7%          1
 Call Imp                 Summ           13%        N/A       7%          2
 Momentum Strike          Conj/Tloc      26%        3d8       7%          2
 Cigotuvi's Dreadful Rot  Necr/Pois/Air  18%        N/A       11%         2
 Poisonous Vapours        Pois/Air       18%        N/A       11%         2
 Lesser Beckoning         Tloc           26%        N/A       13%         3
 Kindle Blastsparks       Fire/Tloc/Air  22%        2d11      19%         3
 Ignite Poison            Fire/Tmut/Pois 9%         N/A       22%         3
 Freezing Cloud           Conj/Ice/Air   5%         6-21      86%         5


Dungeon Overview and Level Annotations

Branches:
Dungeon (4/15)
 Temple: D:4-7

Altars:
Cheibriados
Gozag

Annotations:
D:3 1 runed translucent door, blackman's ghost, amateur HuDe
D:4 Natasha


Innate Abilities, Weirdness & Mutations

You have very sharp teeth.
Your uncanny sense of smell can sniff out nearby items.
Your experience applies equally to all skills.


Message History

You hear the slow hiss of a very distant avalanche of sand.
The gnoll hits the gnoll with a +0 flail.
The gnoll is killed!
Unknown command.
You hit the gnoll.
The gnoll looks as sick as possible!
The gnoll is severely wounded.
You kill the gnoll!
Unknown command.
You hit the gnoll.
The gnoll is heavily wounded.
The gnoll closely misses you.
Unknown command.
You hit the gnoll but do no damage. You bite the gnoll, but do no damage.
The gnoll is heavily wounded.
The gnoll barely misses you.
The iguana bites the gnoll!
The gnoll is killed!
Unknown command.
Things that are here:
a +0 whip; a gnoll corpse Natasha mumbles some strange words.
The iguana bites you!
You barely miss the iguana.
The iguana is moderately wounded.
You hit the iguana but do no damage. You bite the iguana, but do no damage.
The iguana is moderately wounded.
Natasha casts a spell at you.
You feel yourself slow down. The iguana bites you.
* * * LOW HITPOINT WARNING * * *
Unknown command.
You hit the iguana.
The iguana is heavily wounded.
You block the crimson imp's attack.
Unknown command.
Unknown command.
The crimson imp blinks!
Things that are here:
a +0 whip; a gnoll corpse Natasha attacks as you move away!
You block Natasha's attack. The iguana bites you!
You die...

# #. #. #....#....
#.# #....#....
#..## ............
#..## #......#.....
#..####...........g
##@h...............
##l§).............
####.#5..###.#.....
#................).
#..................
#...##.......#####∆
#...###...####
#...........#######
#######...#..#.....


You could see an iguana (confused), Natasha and a crimson imp (summoned).

Vanquished Creatures
  Ijyb (D:4)
  An orc wizard (D:3)
  3 gnolls (D:4)
  2 adders
  2 dart slugs (D:3)
  2 orcs
  9 bats
  3 endoplasms
  3 giant cockroaches
  5 hobgoblins
  7 kobolds
  2 quokkas
  5 ball pythons
  3 frilled lizards
  10 goblins
  4 rats
62 creatures vanquished.

Notes
Turn   | Place    | Note
-------+----------+-------------------------------------------
     0 | D:1      | rogsnak the Gnoll Hedge Wizard began the quest for the Orb.
     0 | D:1      | Reached XP level 1. HP: 13/13 MP: 8/8
   268 | D:1      | Reached XP level 2. HP: 19/19 MP: 10/10
   582 | D:1      | Reached XP level 3. HP: 25/25 MP: 11/11
   911 | D:2      | Reached skill level 1 in Invocations
  1492 | D:2      | Reached skill level 1 in Fighting
  1492 | D:2      | Reached skill level 1 in Short Blades
  1492 | D:2      | Reached skill level 1 in Long Blades
  1492 | D:2      | Reached skill level 1 in Axes
  1492 | D:2      | Reached skill level 1 in Maces & Flails
  1492 | D:2      | Reached skill level 1 in Polearms
  1492 | D:2      | Reached skill level 1 in Staves
  1492 | D:2      | Reached skill level 1 in Ranged Weapons
  1492 | D:2      | Reached skill level 1 in Throwing
  1492 | D:2      | Reached skill level 1 in Armour
  1492 | D:2      | Reached skill level 1 in Shields
  1492 | D:2      | Reached skill level 1 in Unarmed Combat
  1492 | D:2      | Reached skill level 1 in Evocations
  1853 | D:3      | Reached XP level 4. HP: 32/32 MP: 13/13
  2137 | D:2      | Learned a level 2 spell: Blink
  2141 | D:2      | Learned a level 3 spell: Mephitic Cloud
  2167 | D:3      | Reached skill level 1 in Hexes
  2167 | D:3      | Reached skill level 1 in Necromancy
  2167 | D:3      | Reached skill level 1 in Transmutations
  2167 | D:3      | Reached skill level 1 in Fire Magic
  2167 | D:3      | Reached skill level 1 in Ice Magic
  2167 | D:3      | Reached skill level 1 in Air Magic
  2167 | D:3      | Reached skill level 1 in Earth Magic
  2167 | D:3      | Reached skill level 1 in Poison Magic
  2505 | D:3      | Found a snail-covered altar of Cheibriados.
  2525 | D:3      | Found a runed translucent door.
  2526 | D:3      | Noticed blackman's ghost (amateur HuDe)
  2587 | D:3      | Found an opulent altar of Gozag.
  2928 | D:4      | Noticed Ijyb
  2944 | D:4      | Noticed Natasha
  2954 | D:4      | Killed Ijyb
  2955 | D:4      | Reached XP level 5. HP: 18/37 MP: 14/14
  2973 | D:4      | Slain by an iguana

Illustrated notes

Levels and vault maps discovered:
D:1:      psy_arrival_radial01, layout_rooms, minmay_cut_off
D:2:      layout_loops_corners
D:3:      layout_basic, mainiacjoe_overflow_large_starburst,
          gammafunk_ghost_grave
D:4:      layout_rooms, nicolae_ossuary_entry_plus, nrook_uturn, uniq_eustachio,
          uniq_natasha, uniq_ijyb

Skill      XL: |  1  2  3  4 |
---------------+-------------+-----
Conjurations   | 2 |  2.4
Summonings     | 2 |  2.4
Translocations | 2 |  2.4
Invocations    | 1 |  1.8
Fighting       | 1 |  1.6
Short Blades   | 1 |  1.6
Long Blades    | 1 |  1.6
Axes           | 1 |  1.6
Maces & Flails | 1 |  1.6
Polearms       | 1 |  1.6
Staves         | 1 |  1.6
Ranged Weapons | 1 |  1.6
Throwing       | 1 |  1.6
Armour         | 1 |  1.6
Shields        | 1 |  1.6
Unarmed Combat | 1 |  1.6
Evocations     | 1 |  1.6
Hexes          | 1 |  1.2
Necromancy     | 1 |  1.2
Transmutations | 1 |  1.2
Fire Magic     | 1 |  1.2
Ice Magic      | 1 |  1.2
Air Magic      | 1 |  1.2
Earth Magic    | 1 |  1.2
Poison Magic   | 1 |  1.2
Dodging        | |  4.8
Stealth        | |  4.4
Spellcasting   | |  7.3

Action                   |  1- 3 |  4- 6 || total
-------------------------+-------+-------++-------
Melee: Dagger            |    31 |    58 ||    89
       Bite              |     3 |     6 ||     9
       Punch             |       |     2 ||     2
 Cast: Magic Dart        |    82 |    30 ||   112
       Mephitic Cloud    |       |     3 ||     3
 Stab: Sleeping          |       |     1 ||     1
Armor: Robe              |     8 |     7 ||    15
Dodge: Dodged            |    20 |    27 ||    47
Block: Other             |     1 |     7 ||     8

Table legend: (Time is in decaauts)
 A = Elapsed time spent in this place.
 B = Non-inter-level travel time spent in this place.
 C = Inter-level travel time spent in this place.
 D = Time resting spent in this place.
 E = Time spent auto-exploring this place.
 F = Levels seen in this place.
 G = Mean time per level.
                   A        B        C        D        E       F      G
               +--------+--------+--------+--------+--------+-----+--------+
         Total |   2969 |   2910 |     59 |    143 |   2209 |   4 |  742.2 |
       Dungeon |   2969 |   2910 |     59 |    143 |   2209 |   4 |  742.2 |
               +--------+--------+--------+--------+--------+-----+--------+

Top non-repeatable levels by time:
     D:3: 1054 daAuts
     D:2: 947 daAuts
     D:1: 907 daAuts
     D:4: 59 daAuts
